Description

Some timings may be off later in the build

Build Order

Get SALT Encoding   

  14  0:19  Supply Depot  
  15  0:30  Refinery  
  16  0:45  Barracks  
  17  0:57  Refinery  
  19  1:34  Orbital Command  
  19  1:35  Factory  
  20  1:37  Reaper  
  20  1:55  Supply Depot  
  23  2:09  Reaper  
  26  2:19  Cyclone  
  26  2:30  Starport  
  28  2:48  Barracks Tech Lab  Swap with Starport
  28  2:51  Supply Depot  
  28  2:52  Factory Tech Lab  
  32  3:30  Siege Tank  
  33  3:40  Command Center, Fusion Core  
  34  3:45  Armory  
  40  4:26  Battlecruiser, Weapon Refit  
Spawning Tool Build Advisor. Get it on Overwolf

Go to:

Details

  • Created by: NearNirvanna
  • Published on: Mar 11, 2017
  • Modified on: Mar 11, 2017
  • Patch: 3.8.0
Show
View Real Time Build Order
Export as new Build Order

Comments (0)

There are no comments. Be the first!

Create an account to comment!